 Dungeon Crawl Stone Soup version 0.29-a0-222-g5b244fca1f (webtiles) character file.

Game seed: 11871658206435077378

7 drugrobin the Sneak (level 2, -3/19 HPs)
             Began as a Kobold Delver on Feb 28, 2022.
             Slain by a river rat (8 damage)
             ... in a sewer.
             The game lasted 00:00:48 (135 turns).

drugrobin the Sneak (Kobold Delver)                  Turns: 135, Time: 00:00:49

Health: -3/19      AC:  3    Str:  9    XL:     2   Next: 5%
Magic:  2/2        EV: 14    Int: 11    God:
Gold:   0          SH:  0    Dex: 16    Spells: 1/1 levels left

rFire   . . .      SeeInvis .   a - +0 short sword
rCold   . . .      Faith    .   (no shield)
rNeg    . . .      Spirit   .   b - +0 leather armour
rPois   .          Reflect  .   (no helmet)
rElec   .          Harm     .   (no cloak)
rCorr   .          Rampage  .   (no gloves)
Will    .....                   (no boots)
Stlth   ++++......              (no amulet)
HPRegen 0.06/turn               (no ring)
MPRegen 0.08/turn               (no ring)

@: no status effects
A: small, no large weapons, nightstalker 3
a: no special abilities


You were in a sewer.
You visited 1 branch of the dungeon, and saw 1 of its levels.
You also visited: Sewer.

Inventory:

Hand Weapons
 a - a +0 short sword (weapon)
Armour
 b - a +0 leather armour (worn)
Wands
 g - a wand of digging (3)
Scrolls
 c - a scroll of fog
 d - a scroll of identify {unknown}
 e - a scroll of fear
Potions
 f - a potion of haste


   Skills:
 + Level 3.4 Fighting
 + Level 2.9 Short Blades
 + Level 2.6 Dodging
 + Level 6.7 Stealth


You had one spell level left.
You didn't know any spells.
Your spell library was empty.

Dungeon Overview and Level Annotations

Branches:
Dungeon (5/15)              Sewer (1/1)
 Temple: D:4-7

Altars:


Innate Abilities, Weirdness & Mutations

You are small and have problems with some larger weapons.
You are completely attuned to the shadows.


Message History

The kobold barely misses you.
Unknown command.
You hit the kobold.
You kill the kobold!
The kobold barely misses you.
Unknown command.
You hit the kobold.
The kobold is moderately wounded.
The kobold barely misses you.
You hit the kobold.
You kill the kobold!
You have reached level 2!
Things that are here:
a +0 short sword; 2 stones You see here a +0 club.
d - a scroll labelled ZOUM CALIHAA
h - a fizzy dark potion You see here a +0 club.
There is an open door here.
You enter the shallow water.
Moving in this stuff is going to be slow.
You enter the shallow water.
Moving in this stuff is going to be slow.
You enter the shallow water.
Moving in this stuff is going to be slow.
You enter the shallow water.
Moving in this stuff is going to be slow.
A rat and a river rat come into view.
There are monsters nearby!
Unknown command.
A rat comes into view.
The river rat barely misses you.
You barely miss the river rat. The river rat closely misses you.
You closely miss the river rat. The river rat bites you.
You closely miss the river rat. The river rat bites you.
You closely miss the river rat. The river rat bites you.
* * * LOW HITPOINT WARNING * * *
It was a potion of cancellation.
You feel magically purged. The river rat bites you!
You die...

##### ##### ##..∩# ##### ###
#∩..#####..######.†.## ####
...######...##..#####......###..#
.....#####.......##..............
.......##........................
.................................
≈≈≈......................≈≈≈≈≈≈≈≈
≈≈≈≈≈≈≈≈≈≈≈≈≈...@....≈≈≈≈≈≈≈≈≈≈≈≈
≈≈≈≈≈≈≈≈≈≈≈≈≈..r..≈≈≈≈≈≈≈≈≈≈≈≈≈≈
≈≈≈≈≈≈≈≈≈≈≈≈≈≈≈≈≈≈≈≈≈≈≈≈≈≈≈≈≈≈≈
≈≈≈≈≈≈≈≈≈≈≈≈≈≈≈≈≈≈≈≈≈≈≈
≈≈≈≈≈≈≈≈≈≈≈≈≈≈≈≈≈≈≈≈≈≈≈
≈≈≈≈≈≈≈≈≈≈≈≈≈≈≈≈≈≈≈ ≈≈.........≈≈
.........# ...r...##


You could see a river rat.

Vanquished Creatures
  A giant cockroach (D:5)
  2 kobolds (Sewer)
  5 rats (Sewer)
8 creatures vanquished.

Notes
Turn   | Place    | Note
-------+----------+-------------------------------------------
     0 | D:5      | drugrobin the Kobold Delver began the quest for the Orb.
     0 | D:5      | Reached XP level 1. HP: 14/14 MP: 1/1
     3 | D:5      | Found a glowing drain.
    13 | Sewer    | Entered a sewer
    82 | Sewer    | Reached XP level 2. HP: 19/19 MP: 2/2
   135 | Sewer    | Slain by a river rat

Illustrated notes

Levels and vault maps discovered:
D:5:      layout_cave_pools, cheibrodos_sewer_entry_drain
Sewer:    sewer_minmay_treatment

Action                   || total
-------------------------++-------
Melee: Short sword       ||    18
  Use: Scroll            ||     1
       Potion            ||     1
 Stab: Sleeping          ||     2
Armor: Leather armour    ||     1
Dodge: Dodged            ||    10

Table legend: (Time is in decaauts)
 A = Elapsed time spent in this place.
 B = Non-inter-level travel time spent in this place.
 C = Inter-level travel time spent in this place.
 D = Time resting spent in this place.
 E = Time spent auto-exploring this place.
 F = Levels seen in this place.
 G = Mean time per level.
                   A        B        C        D        E       F      G
               +--------+--------+--------+--------+--------+-----+--------+
         Total |    146 |    146 |      0 |      0 |     40 |   2 |   73.0 |
       Dungeon |     14 |     14 |      0 |      0 |      0 |   1 |   14.0 |
         Sewer |    132 |    132 |      0 |      0 |     40 |   1 |  132.0 |
               +--------+--------+--------+--------+--------+-----+--------+

Top non-repeatable levels by time:
   Sewer: 132 daAuts
     D:5: 14 daAuts
